[Event "Team 45 45 League T44"]
[Site "Internet Chess Club"]
[Date "2010.03.02"]
[Round "4"]
[White "mongmong"]
[Black "GadsHill"]
[Result "1/2-1/2"]
[WhiteElo "1555"]
[BlackElo "1509"]
[Opening "Queen's pawn game"]
[ECO "D04"]
[Time "20:01:10"]
[TimeControl "2700+45"]

1. d4 d5 2. Nf3 Nf6 3. e3 g6 4. Bd3 Bg7 5. Nbd2 O-O 6. O-O c5 7. c3 Nbd7 8. Re1
Qc7 9. e4 dxe4 10. Nxe4 cxd4 11. Nxd4 Ne5 12. Nxf6+ Bxf6 13. Bf4 Qc5 14. Bxe5
Bxe5 15. Nb3 Qc7 16. h3 Be6 17. Bc2 Rfd8 18. Qe2 Bg7 19. Rad1 a6 20. Rxd8+ Rxd8
21. Rd1 Rxd1+ 22. Qxd1 Qd7 23. Kf1 Qxd1+ 24. Bxd1 Bd5 25. f3 Kf8 26. Be2 Bh6 27.
Ke1 Bf4 28. c4 Be6 29. Nd4 Bc8 30. b3 Ke8 31. Bd3 Kd7 32. Ne2 Bd6 33. Kd2 Bb4+
34. Kc2 h6 35. Kb2 Kd6 36. a3 Be1 37. b4 b6 38. Kb3 g5 39. Nd4 Bf2 40. Nf5+ Bxf5
41. Bxf5 f6 42. a4 Bd4 43. Bc8 a5 44. bxa5 bxa5 45. Kc2 Ke5 46. Kd3 Bc5 47. Bd7
Bb6 48. Bc8 Bc5 {Game drawn by mutual agreement} 1/2-1/2

[Event "Team 45 45 League T44"]
[Site "Internet Chess Club"]
[Date "2010.02.25"]
[Round "4"]
[White "wrimle"]
[Black "oldprez"]
[Result "1-0"]
[WhiteElo "1564"]
[BlackElo "1468"]
[Opening "Caro-Kann: exchange, Rubinstein variation"]
[ECO "B13"]
[Time "15:00:23"]
[TimeControl "2700+45"]

1. e4 c6 2. d4 d5 3. exd5 cxd5 4. Bd3 Nf6 5. Bf4 Nc6 6. c3 g6 7. Nd2 Bg7 8. Ngf3
O-O 9. Qe2 Re8 10. O-O-O a6 11. h3 Nd7 12. g4 e5 13. dxe5 Ndxe5 14. Qf1 Nxd3+
15. Qxd3 Be6 16. Ng5 d4 17. Nxe6 Rxe6 18. c4 Qa5 19. a3 b5 20. Nb3 bxc4 21. Qxc4
Qb5 22. Qxb5 axb5 23. Nc5 Re2 24. Nd3 b4 25. Rhe1 Rxe1 26. Rxe1 bxa3 27. bxa3
Rxa3 28. Re8+ Bf8 29. Bh6 {Black resigns} 1-0

[Event "Team 45 45 League T44"]
[Site "Internet Chess Club"]
[Date "2010.02.28"]
[Round "4"]
[White "MCJR"]
[Black "sdcohle"]
[Result "1-0"]
[WhiteElo "1375"]
[BlackElo "1419"]
[Opening "Queen's bishop game"]
[ECO "D02"]
[Time "22:00:05"]
[TimeControl "2700+45"]

1. d4 d5 2. Nf3 Nf6 3. Bf4 g6 4. e3 Bg7 5. Nbd2 O-O 6. c3 Nc6 7. Be2 Nh5 8. Bg3
Nxg3 9. hxg3 Re8 10. Qc2 e5 11. dxe5 Nxe5 12. O-O-O Bf5 13. Qb3 b6 14. Nxe5 Bxe5
15. e4 Be6 16. exd5 Bxd5 17. Bc4 Bxc4 18. Nxc4 Qg5+ 19. f4 Bxf4+ 20. gxf4 Qxf4+
21. Kb1 Re2 22. Rdf1 Qe4+ 23. Kc1 Qxg2 24. Ne3 Qg5 25. Qxf7+ Kh8 26. Rxh7#
{Black checkmated} 1-0

[Event "Team 45 45 League T44"]
[Site "Internet Chess Club"]
[Date "2010.02.27"]
[Round "4"]
[White "TroyO"]
[Black "GiulioCre"]
[Result "1-0"]
[WhiteElo "1375"]
[BlackElo "1238"]
[Opening "Pirc defense"]
[ECO "B07"]
[Time "15:32:05"]
[TimeControl "2700+45"]

1. e4 d6 2. d4 Nf6 3. Nc3 Nbd7 4. Bc4 e6 5. e5 dxe5 6. dxe5 Nxe5 7. Qxd8+ Kxd8
8. Bb3 Bb4 9. Bf4 Bxc3+ 10. bxc3 Nc6 11. O-O-O+ Bd7 12. Nf3 Kc8 13. Rhe1 Na5 14.
Ne5 Nxb3+ 15. cxb3 Rf8 16. Bg5 Nd5 17. Nxd7 Kxd7 18. c4 f6 19. Bh4 c6 20. cxd5
cxd5 21. f4 Rac8+ 22. Kb2 g5 23. fxg5 fxg5 24. Bg3 h5 25. Rf1 Rxf1 26. Rxf1 Ke7
27. Be5 Rf8 28. Rxf8 Kxf8 29. Kc3 Ke7 30. h3 g4 31. h4 Kd7 32. Kd4 Ke7 33. a4 b6
34. b4 a6 35. a5 bxa5 36. bxa5 Kd7 37. Kc5 Kc8 38. Kb6 g3 39. Kxa6 d4 40. Bxd4
Kb8 41. Kb6 Ka8 42. Kc6 e5 43. Bxe5 Ka7 44. Bxg3 Ka6 45. Bc7 Ka7 46. Kd6 Ka6 47.
Ke6 Kb7 48. Bb6 Ka6 49. Kf6 Kb5 50. Kg5 Ka6 51. Kxh5 Kb7 52. Kg6 Kc8 53. h5 Kd7
54. h6 Kc8 55. h7 Kb7 56. h8=Q Ka6 57. Qc8+ Kb5 58. Kf5 Kb4 59. Ke4 Kb5 60. Kd5
Kb4 61. Qc4+ Ka3 62. Bc5+ Kb2 63. Bd4+ Ka3 64. Qb5 Ka2 65. Kc4 Ka3 66. Qb3#
{Black checkmated} 1-0

[Event "Team 45 45 League T44"]
[Site "Internet Chess Club"]
[Date "2010.02.27"]
[Round "4"]
[White "bajerk"]
[Black "cazj"]
[Result "0-1"]
[WhiteElo "1269"]
[BlackElo "1305"]
[Opening "Ruy Lopez: classical (Cordel) defense"]
[ECO "C64"]
[Time "10:30:16"]
[TimeControl "2700+45"]

1. e4 e5 2. Nf3 Nc6 3. Bb5 Bc5 4. Bxc6 dxc6 5. Nxe5 Qd4 6. Qf3 Qxe5 7. O-O Bd6
8. g3 Nf6 9. d3 Bg4 10. Qg2 c5 11. Nc3 c4 12. Re1 Bb4 13. Bd2 O-O-O 14. a3 Ba5
15. b4 cxb3 16. cxb3 Rxd3 17. Rec1 Rxd2 18. b4 Bb6 19. Kh1 Rxf2 20. Qg1 Bf3+
{White resigns} 0-1

[Event "Team 45 45 League T44"]
[Site "Internet Chess Club"]
[Date "2010.02.28"]
[Round "4"]
[White "baseball613"]
[Black "damnwrite"]
[Result "1-0"]
[WhiteElo "1300"]
[BlackElo "1158"]
[Opening "Queen's pawn game, Chigorin variation"]
[ECO "D02"]
[Time "15:00:42"]
[TimeControl "2700+45"]

1. d4 d5 2. Nf3 Nc6 3. Bf4 e6 4. e3 Bd6 5. Bg3 Bxg3 6. hxg3 Nf6 7. c3 O-O 8. Bd3
Ne4 9. Nbd2 Nxd2 10. Qxd2 h6 11. Rc1 Na5 12. Ne5 Re8 13. Bb5 c6 14. Bd3 Nc4 15.
Nxc4 dxc4 16. Bxc4 b5 17. Bd3 Qd5 18. Bb1 Qxg2 19. Rh4 b4 20. cxb4 Ba6 21. Bd3
Qg1+ 22. Ke2 Bxd3+ 23. Kxd3 Qg2 24. e4 Qf3+ 25. Qe3 Qxe3+ 26. Kxe3 f5 27. Rxc6
Kf7 28. e5 Kg6 29. Rh1 Kg5 30. f4+ Kg4 31. Kf2 h5 32. Rh4# {Black checkmated}
1-0

[Event "Team 45 45 League T44"]
[Site "Internet Chess Club"]
[Date "2010.02.26"]
[Round "4"]
[White "NewfieKnight"]
[Black "iwin2"]
[Result "1-0"]
[WhiteElo "1149"]
[BlackElo "1025"]
[Opening "Queen's pawn game"]
[ECO "D02"]
[Time "20:09:13"]
[TimeControl "2700+45"]

1. d4 d5 2. Nf3 c6 3. Bf4 e6 4. a3 Bd6 5. Bxd6 Qxd6 6. Nc3 Nf6 7. e3 Ne4 8. Be2
Nxc3 9. bxc3 O-O 10. c4 dxc4 11. Bxc4 c5 12. dxc5 Qxc5 13. Bb3 Qa5+ 14. Nd2 Rd8
15. Ke2 Rxd2+ 16. Qxd2 Qh5+ 17. f3 b6 18. Qd8# {Black checkmated} 1-0

[Event "Team 45 45 League T44"]
[Site "Internet Chess Club"]
[Date "2010.02.27"]
[Round "4"]
[White "ordinaryboy"]
[Black "theartist"]
[Result "0-1"]
[WhiteElo "968"]
[BlackElo "1196"]
[Opening "Nimzo-Indian: three knights variation"]
[ECO "E21"]
[Time "12:34:55"]
[TimeControl "2700+45"]

1. d4 e6 2. c4 Nf6 3. Nc3 Bb4 4. Nf3 c5 5. e3 Nc6 6. Bd3 d5 7. cxd5 exd5 8. O-O
O-O 9. a3 Bxc3 10. bxc3 c4 11. Bc2 Bg4 12. h3 Bh5 13. Qe2 Re8 14. g4 Bg6 15.
Bxg6 hxg6 16. Qd2 Ne4 17. Qc2 Qf6 18. Qe2 Nxc3 19. Qd2 Qxf3 20. Qxc3 Qxh3 21.
Re1 Qxg4+ 22. Kf1 Qf3 23. Bd2 Re4 24. Red1 Rh4 25. Ke1 Rh1# {White checkmated}
0-1

[Event "Team 45 45 League T44"]
[Site "Internet Chess Club"]
[Date "2010.02.28"]
[Round "4"]
[White "The-Capitalist"]
[Black "ilknight"]
[Result "1/2-1/2"]
[WhiteElo "1402"]
[BlackElo "1373"]
[Opening "Sicilian: Najdorf, Byrne (English) attack"]
[ECO "B90"]
[Time "14:00:16"]
[TimeControl "2700+45"]

1. e4 c5 2. Nf3 d6 3. d4 cxd4 4. Nxd4 Nf6 5. Nc3 a6 6. Be3 e6 7. f3 d5 8. e5
Nfd7 9. f4 Nc6 10. a3 Nxd4 11. Bxd4 Bc5 12. Bxc5 Nxc5 13. b4 Nd7 14. Qd4 Qb6 15.
Qxb6 Nxb6 16. Bd3 O-O 17. O-O Bd7 18. f5 exf5 19. Bxf5 Bxf5 20. Rxf5 Rac8 21.
Rf3 Rfe8 22. Raf1 Rxe5 23. Rxf7 h6 24. Rxb7 Rxc3 25. Rxb6 Rxa3 {Game drawn by
mutual agreement} 1/2-1/2

[Event "Team 45 45 League T44"]
[Site "Internet Chess Club"]
[Date "2010.02.28"]
[Round "4"]
[White "JimGaming"]
[Black "MateIn42"]
[Result "0-1"]
[WhiteElo "1266"]
[BlackElo "1394"]
[Opening "Sicilian: Grand Prix attack"]
[ECO "B23"]
[Time "14:21:48"]
[TimeControl "2700+45"]

1. e4 c5 2. Nc3 Nc6 3. f4 d6 4. Nf3 g6 5. Bb5 a6 6. Bxc6+ bxc6 7. d4 cxd4 8.
Nxd4 Qc7 9. f5 Bg7 10. Be3 Nf6 11. Qf3 Bb7 12. O-O-O Nxe4 13. Nxe4 c5 14. Nb3 d5
15. Nexc5 Bc6 16. Bd4 Bh6+ 17. Kb1 Rg8 18. g3 gxf5 19. Qxf5 Rg6 20. Rhf1 e6 21.
Qe5 Qxe5 22. Bxe5 Bb5 23. Nd3 Ke7 24. Rf3 f6 25. Bf4 Bg7 26. Rdf1 e5 27. Bd2 e4
28. Re1 Kf8 29. Ne5 exf3 30. Nxg6+ hxg6 31. Bb4+ Kg8 32. Bc5 f5 33. Nd2 Be2 34.
Nf1 Rb8 35. b3 Bc3 36. Rc1 Re8 37. a3 Bxf1 38. Rxf1 Re1+ 39. Rxe1 Bxe1 40. Kc1
f2 41. Bxf2 Bxf2 42. Kd1 Bg1 43. h3 Bf2 44. g4 fxg4 45. hxg4 Kf7 46. Ke2 Bc5 47.
a4 Bd6 48. Kd3 Be5 49. c4 dxc4+ 50. Kxc4 a5 51. b4 axb4 52. Kxb4 Kf6 53. a5 Bd4
54. Kc4 Ba7 55. Kd3 Kg5 56. Ke2 Kxg4 57. Kf1 Kf3 58. a6 g5 59. Ke1 g4 60. Kf1 g3
61. Ke1 g2 62. Kd2 g1=Q 63. Kc3 Qc5+ 64. Kb2 Qb4+ 65. Kc2 Ke3 66. Kc1 Qc3+ 67.
Kb1 Qb3+ 68. Ka1 Bd4# {White checkmated} 0-1

[Event "Team 45 45 League T44"]
[Site "Internet Chess Club"]
[Date "2010.02.28"]
[Round "4"]
[White "bowwrestler"]
[Black "stillday"]
[Result "0-1"]
[WhiteElo "1020"]
[BlackElo "1257"]
[Opening "Scotch gambit: Dubois-Réti defense"]
[ECO "C55"]
[Time "17:25:29"]
[TimeControl "2700+45"]

1. e4 e5 2. Nf3 Nc6 3. d4 exd4 4. Bc4 Nf6 5. e5 Ng4 6. Bf4 d6 7. exd6 Bxd6 8.
Qd2 Qe7+ 9. Be2 Bxf4 10. Qxf4 O-O 11. Nxd4 Qb4+ 12. Nd2 Nxd4 13. Qxc7 Re8 14. c3
Rxe2+ 15. Kf1 Rxf2+ 16. Ke1 Re2+ 17. Kf1 Ne3+ 18. Kg1 Rxg2# {White checkmated}
0-1

[Event "Team 45 45 League T44"]
[Site "Internet Chess Club"]
[Date "2010.02.26"]
[Round "4"]
[White "sere"]
[Black "KidRattler"]
[Result "0-1"]
[WhiteElo "1130"]
[BlackElo "951"]
[Opening "QGD Slav defense"]
[ECO "D10"]
[Time "14:01:13"]
[TimeControl "2700+45"]

1. d4 d5 2. c4 c6 3. Nc3 Bf5 4. Bf4 e6 5. Nf3 Nf6 6. e3 Qb6 7. Be2 Be7 8. O-O
Nbd7 9. Qd2 Qd8 10. c5 O-O 11. Ne5 Nxe5 12. dxe5 Nd7 13. b4 Qc7 14. Qd4 Rad8 15.
Rfd1 a6 16. Rac1 h6 17. e4 dxe4 18. Nxe4 Bxe4 19. Qxe4 g6 20. Bxh6 Rfe8 21. Qf3
Nf8 22. Qh3 Qxe5 23. Rxd8 Rxd8 24. Bf3 Bg5 25. Bh5 Bxc1 26. g3 Qxh5 27. Qxh5
gxh5 28. Bxc1 Rd1+ 29. Kg2 Rxc1 {White resigns} 0-1

[Event "Team 45 45 League T44"]
[Site "Internet Chess Club"]
[Date "2010.02.26"]
[Round "4"]
[White "SeniorCitizen"]
[Black "lawth3"]
[Result "1-0"]
[WhiteElo "1286"]
[BlackElo "1162"]
[Opening "Caro-Kann defense"]
[ECO "B10"]
[Time "15:00:23"]
[TimeControl "2700+45"]

1. e4 c6 2. Nf3 d5 3. exd5 cxd5 4. d4 Bf5 5. Bd3 Bxd3 6. Qxd3 Nc6 7. Nc3 e6 8.
O-O Bd6 9. Re1 Nf6 10. Ne2 O-O 11. c3 Qc7 12. Bg5 Ne4 13. Bh4 e5 14. Ng3 Nxg3
15. dxe5 Bxe5 16. Nxe5 Nxe5 17. Qxg3 Rfe8 18. Bf6 g6 19. Bxe5 Qb6 20. b4 Rac8
21. Qg5 f6 22. Qxf6 Qxf6 23. Bxf6 Rf8 24. Bd4 a6 25. a3 b5 26. Re7 Ra8 27. Rg7+
Kh8 28. Rd7+ Kg8 29. Kf1 Rad8 30. Rxd8 Re8 {Black resigns} 1-0

[Event "Team 45 45 League T44"]
[Site "Internet Chess Club"]
[Date "2010.02.25"]
[Round "4"]
[White "jjaillet2007"]
[Black "KingOfHearts"]
[Result "1-0"]
[WhiteElo "1279"]
[BlackElo "1299"]
[Opening "QGA: 3.e4"]
[ECO "D20"]
[Time "21:00:15"]
[TimeControl "2700+45"]

1. d4 d5 2. c4 dxc4 3. e4 e5 4. Nf3 Nc6 5. d5 Nd4 6. Nxd4 exd4 7. Qxd4 Bb4+ 8.
Nc3 Bxc3+ 9. Qxc3 Nf6 10. Qe5+ Qe7 11. Qxe7+ Kxe7 12. Bg5 h6 13. Bxf6+ Kxf6 14.
Bxc4 Re8 15. f3 a6 16. O-O b5 17. Bb3 Bb7 18. Rac1 Rac8 19. Rfe1 c5 20. d6 Red8
21. Red1 c4 22. d7 Rc7 23. Bc2 Ke5 24. Kf2 g5 25. g3 Bc6 26. Ke3 Bxd7 27. f4+
Ke6 28. f5+ Ke7 29. e5 Re8 30. g4 a5 31. f6+ Kf8 32. Rd5 a4 33. Bf5 Bxf5 34.
gxf5 Rb7 35. Rcd1 Rb6 36. Rd8 Rxf6 37. Rxe8+ Kxe8 38. exf6 {Black resigns} 1-0

[Event "Team 45 45 League T44"]
[Site "Internet Chess Club"]
[Date "2010.02.26"]
[Round "4"]
[White "chips"]
[Black "PsyMar"]
[Result "0-1"]
[WhiteElo "1227"]
[BlackElo "1145"]
[Opening "Polish (Sokolsky) opening"]
[ECO "A00"]
[Time "13:01:00"]
[TimeControl "2700+45"]

1. b4 e5 2. Bb2 Bxb4 3. Bxe5 Nf6 4. c3 Nc6 5. Bxf6 Qxf6 6. d4 Bxc3+ 7. Nxc3 Nxd4
8. Ne4 Nc2+ 9. Qxc2 Qxa1+ 10. Kd2 Qd4+ 11. Qd3 Qxd3+ 12. exd3 d5 13. Nc3 d4 14.
Ne4 Be6 15. a3 O-O-O 16. Nf3 Bd5 17. Ne5 Rhe8 18. f4 f5 19. Ng5 h6 20. Nh3 g5
21. Rg1 gxf4 22. Ng6 f3 23. Ngf4 Rg8 24. Nxd5 Rxd5 25. Nf4 Ra5 26. Ne6 Rxa3 27.
Nxd4 f2 28. Rh1 Ra4 29. Nxf5 Ra2+ 30. Ke3 Re8+ 31. Ne7+ {White resigns} 0-1

[Event "Team 45 45 League T44"]
[Site "Internet Chess Club"]
[Date "2010.03.01"]
[Round "4"]
[White "Mclintock45"]
[Black "Graybeard"]
[Result "0-1"]
[WhiteElo "1003"]
[BlackElo "1152"]
[Opening "French: Steinitz variation"]
[ECO "C11"]
[Time "10:03:48"]
[TimeControl "2700+45"]

1. e4 e6 2. d4 d5 3. Nc3 Nf6 4. e5 Nfd7 5. Bd3 c5 6. Nf3 c4 7. Be2 Be7 8. O-O
O-O 9. b3 Nb6 10. a4 a5 11. Bd2 Bd7 12. Qc1 Bc6 13. Bg5 Qc7 14. Qf4 Be8 15. Bxe7
Qxe7 16. Ng5 h6 17. Nh3 N8d7 18. Rab1 f6 19. b4 fxe5 20. dxe5 Rxf4 21. Nxf4 Nxe5
22. Bh5 Bxh5 23. Nxh5 Qg5 24. f4 Qxh5 25. fxe5 Qxe5 26. Nb5 Nxa4 27. Rfe1 Qf5
28. Rf1 Qxc2 29. Nd4 Qd3 30. Nxe6 Qe3+ 31. Kh1 Qxe6 32. b5 b6 33. Ra1 Nc3 34.
Rfe1 Ne4 35. Re2 Qf5 36. Kg1 Qg4 37. Rae1 Re8 38. h3 Qd7 39. Kf1 Ng3+ 40. Kf2
Nxe2 41. Rxe2 Qf7+ 42. Ke1 Rxe2+ 43. Kxe2 Qe6+ 44. Kd2 Qe4 45. Kc3 Qxg2 46. Kd4
Qxh3 47. Kxd5 Qe3 48. Kxc4 a4 49. Kd5 a3 50. Kc6 a2 51. Kb7 a1=Q 52. Kc7 Qb1 53.
Kc6 Qc5+ 54. Kb7 Qbxb5 55. Ka7 Qa5+ 56. Kb7 b5 57. Kb8 Qcc7# {White checkmated}
0-1

[Event "Team 45 45 League T44"]
[Site "Internet Chess Club"]
[Date "2010.02.27"]
[Round "4"]
[White "noblitz-oblige"]
[Black "rayonline53"]
[Result "1/2-1/2"]
[WhiteElo "1685"]
[BlackElo "1560"]
[Opening "French: exchange variation"]
[ECO "C01"]
[Time "19:07:12"]
[TimeControl "2700+45"]

1. e4 e6 2. d4 d5 3. exd5 exd5 4. Nf3 Nf6 5. h3 Be7 6. Bd3 O-O 7. Nc3 h6 8. a3
Re8 9. Be3 Bf8 10. Qd2 Ne4 11. Bxe4 dxe4 12. Ne5 c5 13. O-O-O Bf5 14. g4 Bh7 15.
h4 f6 16. Nc4 cxd4 17. Bxd4 Nc6 18. Qe3 Nxd4 19. Qxd4 Qxd4 20. Rxd4 Bc5 21. Rd2
Rad8 22. Ne3 Rxd2 23. Kxd2 Bg6 24. Rg1 Bf7 25. g5 hxg5 26. hxg5 Bxe3+ 27. Kxe3
f5 28. Nb5 a6 29. Nd6 Re5 30. c4 g6 31. Kd4 Re7 32. c5 Bb3 33. Kc3 Bd5 34. b4
Bc6 35. Rd1 e3 36. fxe3 Rxe3+ 37. Rd3 Rxd3+ 38. Kxd3 Kf8 39. Nc4 Bb5 40. Kd4
Bxc4 41. Kxc4 Ke7 42. Kd4 Ke6 43. a4 Kd7 44. Kd5 Kc7 45. b5 axb5 46. axb5 Kd7
47. Ke5 Kc7 48. Kd4 Kd7 49. Kd5 Kc7 50. Ke5 Kd7 {Game drawn by mutual agreement}
1/2-1/2

[Event "Team 45 45 League T44"]
[Site "Internet Chess Club"]
[Date "2010.02.26"]
[Round "4"]
[White "nursey"]
[Black "RD1974"]
[Result "0-1"]
[WhiteElo "1566"]
[BlackElo "1719"]
[Opening "Scandinavian: Pytel-Wade variation"]
[ECO "B01"]
[Time "16:33:02"]
[TimeControl "2700+45"]

1. e4 d5 2. exd5 Qxd5 3. Nc3 Qd6 4. Nf3 Nf6 5. Bb5+ c6 6. Bc4 Bg4 7. O-O e6 8.
Re1 Be7 9. Ne4 Nxe4 10. Rxe4 Bf5 11. Re1 Nd7 12. b3 Bf6 13. Rb1 O-O 14. Bb2 b5
15. Bxf6 Nxf6 16. Be2 Rfd8 17. a4 a6 18. Ra1 h6 19. c3 Bd3 20. Bxd3 Qxd3 21. Ne5
Qxd2 22. Nxc6 Qxd1 23. Raxd1 Rxd1 24. Rxd1 bxa4 25. bxa4 Kh7 26. Ne5 Kg8 27. Rd6
a5 28. Nc6 Ne4 29. Rd3 Nc5 30. Rd4 Ra6 31. Rd6 Kh7 32. Kf1 Nxa4 33. c4 Nc5 34.
Ke2 a4 35. f4 a3 {White resigns} 0-1

[Event "Team 45 45 League T44"]
[Site "Internet Chess Club"]
[Date "2010.02.25"]
[Round "4"]
[White "oldprez"]
[Black "Bible-Believer"]
[Result "1-0"]
[WhiteElo "1488"]
[BlackElo "1535"]
[Opening "French: exchange variation"]
[ECO "C01"]
[Time "20:30:08"]
[TimeControl "2700+45"]

1. e4 e6 2. d4 d5 3. exd5 exd5 4. Nf3 Nc6 5. Nc3 Nf6 6. Be2 Be7 7. O-O O-O 8.
Bf4 a6 9. Re1 Bf5 10. Nh4 Bg6 11. Nxg6 hxg6 12. Qd3 Bd6 13. Bg5 Be7 14. Bf4 Qd7
15. Rad1 Nb4 16. Qd2 Qf5 17. Bd3 Nxd3 18. cxd3 Qd7 19. Re3 Rfe8 20. Rh3 Bd6 21.
Bg5 c6 22. Bxf6 gxf6 23. Qh6 {Black resigns} 1-0

[Event "Team 45 45 League T44"]
[Site "Internet Chess Club"]
[Date "2010.02.27"]
[Round "4"]
[White "AVEMARIA"]
[Black "fishhead"]
[Result "0-1"]
[WhiteElo "1757"]
[BlackElo "1987"]
[Opening "Alekhine's defense: modern, Keres variation"]
[ECO "B04"]
[Time "14:00:41"]
[TimeControl "2700+45"]

1. e4 Nf6 2. e5 Nd5 3. d4 d6 4. Nf3 g6 5. Bc4 Nb6 6. Bb3 Bg7 7. a4 a5 8. Ng5 d5
9. Qf3 O-O 10. Nc3 Nc6 11. Be3 Nb4 12. Qe2 e6 13. h4 f6 14. Nxh7 Kxh7 15. h5 g5
16. h6 Bh8 17. O-O-O fxe5 18. dxe5 Qe7 19. Bxb6 cxb6 20. Nb5 Qf7 21. Nd6 Qf4+
22. Kb1 Qxe5 23. Qxe5 Bxe5 24. Nxc8 Raxc8 25. Rhe1 Nc6 26. c4 Rxf2 27. cxd5
Rxb2+ {White resigns} 0-1

[Event "Team 45 45 League T44"]
[Site "Internet Chess Club"]
[Date "2010.02.26"]
[Round "4"]
[White "isolani"]
[Black "ElMarginal"]
[Result "1-0"]
[WhiteElo "1608"]
[BlackElo "1585"]
[Opening "QGD Slav accepted: Alapin variation"]
[ECO "D16"]
[Time "21:02:30"]
[TimeControl "2700+45"]

1. d4 Nf6 2. Nf3 d5 3. c4 c6 4. Nc3 dxc4 5. a4 Nbd7 6. e4 e6 7. Bxc4 Bb4 8. Bd3
b6 9. O-O Bb7 10. Bg5 Qc7 11. Rc1 Be7 12. e5 Ng8 13. Bxe7 Nxe7 14. Nb5 Qb8 15.
Nd6+ Kf8 16. Ng5 Ng6 17. Bxg6 hxg6 18. Qf3 f6 19. Nxe6+ Ke7 20. Nxg7 Rh7 21.
exf6+ Kf8 22. Ne6+ Kg8 23. f7+ Kh8 24. f8=Q+ Nxf8 25. Qf6+ {Black resigns} 1-0

[Event "Team 45 45 League T44"]
[Site "Internet Chess Club"]
[Date "2010.02.27"]
[Round "4"]
[White "GadsHill"]
[Black "joshtournman"]
[Result "1-0"]
[WhiteElo "1507"]
[BlackElo "1494"]
[Opening "QGD: Ragozin variation"]
[ECO "D38"]
[Time "19:11:46"]
[TimeControl "2700+45"]

1. d4 d5 2. c4 e6 3. Nc3 Bb4 4. Nf3 Nf6 5. cxd5 Nxd5 6. Qc2 O-O 7. e4 Nxc3 8.
bxc3 Ba5 9. Bd3 g6 10. O-O Nc6 11. e5 f5 12. Bg5 Ne7 13. Rab1 Qe8 14. Bh6 Nd5
15. Bxf8 Nxc3 16. Bb4 Nxb1 17. Bxa5 Na3 18. Qb3 Qe7 19. Bb4 {Black resigns} 1-0

[Event "Team 45 45 League T44"]
[Site "Internet Chess Club"]
[Date "2010.02.28"]
[Round "4"]
[White "carambola"]
[Black "jericho121"]
[Result "1-0"]
[WhiteElo "1318"]
[BlackElo "1463"]
[Opening "Pirc: Austrian attack"]
[ECO "B09"]
[Time "14:01:55"]
[TimeControl "2700+45"]

1. e4 d6 2. d4 Nf6 3. Nc3 g6 4. f4 Bg7 5. Nf3 Bg4 6. Bd3 O-O 7. h3 Bxf3 8. Qxf3
Nc6 9. Be3 e5 10. dxe5 dxe5 11. f5 Nb4 12. O-O-O Nxd3+ 13. Rxd3 Qe7 14. Bg5 c6
15. Rf1 Rad8 16. Rxd8 Qxd8 17. Rd1 Qe7 18. h4 Rd8 19. Rxd8+ Qxd8 20. h5 gxh5 21.
Qxh5 Nxh5 22. Bxd8 Nf4 23. g4 h5 24. gxh5 Nxh5 25. b4 Bf8 26. b5 cxb5 27. Nxb5
Bc5 28. Kd2 a6 29. Nc3 Bb4 30. Kd3 Ng3 31. Nd5 Bc5 32. Nf6+ Kg7 33. Ng4 Nh5 34.
Nxe5 Nf6 35. Bxf6+ Kxf6 36. Nd7+ {Black resigns} 1-0

[Event "Team 45 45 League T44"]
[Site "Internet Chess Club"]
[Date "2010.02.28"]
[Round "4"]
[White "carambola"]
[Black "CoasterBrake"]
[Result "1-0"]
[WhiteElo "1294"]
[BlackElo "1270"]
[Opening "Polish (Sokolsky) opening"]
[ECO "A00"]
[Time "09:03:22"]
[TimeControl "2700+45"]

1. b4 d5 2. b5 Nf6 3. a4 c6 4. e3 Bd7 5. Nc3 a6 6. bxc6 Nxc6 7. Ba3 g6 8. Nf3
Bg7 9. Bb2 O-O 10. Bd3 e5 11. Be2 Re8 12. d3 Qb6 13. Qc1 e4 14. Ng5 Qb4 15. O-O
exd3 16. Bxd3 Ne4 17. Nxd5 Qxb2 18. Qd1 Qe5 19. Nxe4 Qxd5 20. Rb1 Rab8 21. Qf3
Kh8 22. Qg3 Qe5 23. Nd6 Qxg3 24. hxg3 Re7 25. Nxb7 Ne5 26. Nc5 Rxb1 27. Rxb1 h6
28. Bxa6 Ng4 29. Rb7 Nf6 30. Bb5 Bf8 31. Nxd7 Nxd7 32. Bxd7 Re4 33. Rb8 Kg8 34.
a5 Rc4 35. a6 Rxc2 36. a7 {Black resigns} 1-0

[Event "Team 45 45 League T44"]
[Site "Internet Chess Club"]
[Date "2010.02.26"]
[Round "4"]
[White "otib2006"]
[Black "GiulioCre"]
[Result "1-0"]
[WhiteElo "1383"]
[BlackElo "1255"]
[Opening "English opening"]
[ECO "A10"]
[Time "15:15:53"]
[TimeControl "2700+45"]

1. c4 d6 2. Nc3 Nf6 3. g3 Nbd7 4. Bg2 e5 5. Nf3 Be7 6. d3 O-O 7. O-O c6 8. Bg5
d5 9. cxd5 Nxd5 10. Bxe7 Nxe7 11. Qb3 Qb6 12. Qc2 Qc5 13. Ng5 Nf6 14. e3 Ned5
15. Bxd5 cxd5 16. a3 d4 17. b4 Qxc3 18. Qxc3 dxc3 19. Rac1 h6 20. Nf3 e4 21. Nd4
exd3 22. Rxc3 Bh3 23. Rd1 d2 24. f3 Nd5 25. Rd3 Rac8 26. R1xd2 Rc1+ 27. Rd1
Rxd1+ 28. Rxd1 Nxe3 29. Rd3 Re8 30. Kf2 Bf5 31. Rxe3 Rxe3 32. Kxe3 g6 33. Nxf5
gxf5 34. Kf4 Kg7 35. Kxf5 f6 36. h4 h5 37. g4 hxg4 38. fxg4 b6 39. g5 fxg5 40.
hxg5 b5 41. Ke5 Kg6 42. Kd5 Kxg5 43. Kc6 a6 44. Kb6 Kf5 45. Kxa6 Ke6 46. Kxb5
Kd7 47. Kb6 Kc8 48. Ka7 Kc7 49. b5 Kd6 50. b6 Kc5 51. b7 Kb5 52. b8=Q+ Ka5 53.
Qb6+ Ka4 54. Qa6+ Kb3 55. a4 Ka3 56. a5 Ka4 57. Kb6 Ka3 58. Qb5 Ka2 59. a6 Ka3
60. a7 Ka2 61. a8=Q# {Black checkmated} 1-0

[Event "Team 45 45 League T44"]
[Site "Internet Chess Club"]
[Date "2010.02.26"]
[Round "4"]
[White "dxf"]
[Black "RayF"]
[Result "0-1"]
[WhiteElo "1224"]
[BlackElo "1231"]
[Opening "Sicilian"]
[ECO "B50"]
[Time "09:22:08"]
[TimeControl "2700+45"]

1. e4 c5 2. Nf3 d6 3. Bc4 Nf6 4. Nc3 Nc6 5. O-O e6 6. d3 Be7 7. a3 O-O 8. Rb1 d5
9. exd5 exd5 10. Ba2 Bg4 11. b4 cxb4 12. axb4 Bxb4 13. Bd2 Qa5 14. h3 Bxf3 15.
Qxf3 Bxc3 16. Bxc3 Qxc3 17. Rfc1 Rab8 18. Rb3 Qd2 19. Qd1 Qa5 20. Ra1 Qc5 21. c3
Na5 22. d4 Qc7 23. Ra3 a6 24. Qc2 Nc4 25. Ra4 Rfe8 26. Bb1 Re1# {White
checkmated} 0-1

[Event "Team 45 45 League T44"]
[Site "Internet Chess Club"]
[Date "2010.02.27"]
[Round "4"]
[White "hcarstens"]
[Black "Leslee52"]
[Result "1-0"]
[WhiteElo "1243"]
[BlackElo "1081"]
[Opening "Petrov's defense"]
[ECO "C42"]
[Time "13:30:39"]
[TimeControl "2700+45"]

1. e4 e5 2. Nf3 Nf6 3. Nxe5 d6 4. Nf3 Nxe4 5. Bc4 d5 6. Bb3 Nc5 7. O-O Nxb3 8.
axb3 Be7 9. c4 Be6 10. d4 dxc4 11. bxc4 Bxc4 12. Re1 Nc6 13. b3 Be6 14. Bb2 O-O
15. Nc3 Bb4 16. Re4 Qf6 17. Na2 Bd5 18. Re3 Ba5 19. Ne5 Nxe5 20. dxe5 Qe6 21.
Nc1 Bb6 22. Re2 Rad8 23. Nd3 Bc6 24. Qc2 Rxd3 25. Qxd3 Qg4 26. Kf1 Qxg2+ 27. Ke1
Ba5+ 28. Rxa5 Qg1+ 29. Kd2 Qg5+ 30. Kd1 Rd8 31. Bd4 a6 32. Qc3 Qg4 33. f3 Rxd4+
34. Rd2 Bxf3+ 35. Kc2 Be4+ 36. Kb2 Rxd2+ 37. Qxd2 Qg2 38. Qxg2 Bxg2 39. Ra1 h6
40. Rd1 Bc6 41. Rd8+ Kh7 42. Rc8 g5 43. Rxc7 Kg6 44. Kc3 Kf5 45. Kd4 h5 46.
Rxf7+ Kg4 47. e6 Kh3 48. e7 g4 49. Rf6 Bd7 50. Rd6 Be8 51. Rd8 Bb5 52. e8=Q Bxe8
53. Rxe8 Kxh2 54. Rh8 g3 55. Rxh5+ Kg2 56. Ke3 b5 57. Rg5 Kh3 58. Kf3 g2 59.
Rxg2 a5 60. Rg5 a4 61. Rh5# {Black checkmated} 1-0